 Dungeon Crawl Stone Soup version 0.17-a0-1718-g72dbe4d (webtiles) character file.

83 KambridgeKobold the Skirmisher (level 4, -1/37 HPs)
             Began as a Demonspawn Berserker on Aug 26, 2015.
             Was a Follower of Trog.
             Slain by a hound (5 damage)
             ... on level 4 of the Dungeon.
             The game lasted 00:07:30 (2258 turns).

KambridgeKobold the Skirmisher (DsBe)               Turns: 2258, Time: 00:07:31

Health: -1/37      AC:  2    Str: 17    XL:     4   Next: 22%
Magic:  4/4        EV: 12    Int:  9    God:    Trog [*.....]
Gold:   96         SH:  0    Dex: 13    Spells: 0 memorised, 3 levels left

rFire  . . .     SeeInvis .     b - +0 mace
rCold  . . .     Clarity  .     l - +0 animal skin
rNeg   . . .     SustAt   .     (no shield)
rPois  .         Gourm    .     (no helmet)
rElec  .         Spirit   .     (no cloak)
rCorr  .         Warding  .     (no gloves)
rMut   .         Stasis   .     (no boots)
MR     .....                    (no amulet)
Stlth  ++........               (no ring)
                                (no ring)

@: not resistant to hostile enchantments, unstealthy
A: nightstalker 1, powered by death 1
a: Burn Spellbooks, Berserk, Renounce Religion


You were on level 4 of the Dungeon.
You worshipped Trog.
Trog was aware of your devotion.
You were not hungry.

You visited 1 branch of the dungeon, and saw 3 of its levels.

You collected 96 gold pieces.

Inventory:

Hand weapons
 a - a +0 hand axe
 b - a +0 mace (weapon)
Missiles
 j - a throwing net (quivered)
Armour
 l - a +0 animal skin (worn)
Scrolls
 d - a scroll of amnesia {unknown}
 e - 2 scrolls of identify {unknown}
 f - 2 scrolls of recharging {unknown}
 g - 4 scrolls of teleportation
 i - a scroll of random uselessness {unknown}
 k - a scroll of noise {unknown}
 n - 4 scrolls of remove curse {unknown}
 r - 2 scrolls of blinking {unknown}
 s - a scroll of enchant weapon {unknown}
 t - a scroll of magic mapping {unknown}
Potions
 h - a potion of degeneration {unknown}
 o - a potion of mutation {unknown}
 q - a potion of heal wounds {unknown}
Comestibles
 c - 2 bread rations
 m - 2 meat rations
 u - a beef jerky


   Skills:
 + Level 4.0 Fighting
 + Level 3.8 Axes
 - Level 1.7 Armour
 - Level 2.0 Dodging


You had 3 spell levels left.
You didn't know any spells.

Dungeon Overview and Level Annotations

Branches:
Dungeon (4/15)
 Temple: D:4-7

Altars:
Gozag
Qazlal
Sif Muna

Annotations:
D:4 Crazy Yiuf


Innate Abilities, Weirdness & Mutations

You are slightly more attuned to the shadows.
You regenerate a little health from kills.


Message History

You close the door.
There is an open door here.
You close the door.
The hound barks!
Crazy Yiuf shouts!
The hound bites you.
* * * LOW HITPOINT WARNING * * *
The hound closely misses you. The hound barely misses you.
The hound barely misses you. The hound bites you.
* * * LOW HITPOINT WARNING * * *
The hound closely misses you. The hound closely misses you.
Crazy Yiuf cries, "Cake return to song ladder!"
There is an open door here.
The hound bites you.
* * * LOW HITPOINT WARNING * * *
The hound bites you.
You die...

##.##########.#
#.#.......##.#
#.#...###.##.######
#.#...# #.##.......
#.#...###.#>.......
#.#.....#.#.#######
#.#.#.#.#.#.#.....#
#.#...#.#.#.#.#####
#.#####.#.#@(.....# ♣
#.........#h#.#...#
#### ♣♣♣
#.#####.###.#.###.#
#...#♣.h ###
#.###'#'#...# #....g♣♣
#.#...g...#.# #)..#♣♣
#.#.......#.# ####
#.#.....g.#.#
#.#.........#
#.#######...##########


You could see Crazy Yiuf and a hound.

Vanquished Creatures
  An orc wizard (D:4)
  2 adders
  An adder skeleton (D:4)
  A worm (D:2)
  A giant gecko (D:4)
  4 orcs (D:4)
  A ball python (D:2)
  2 bats
  2 giant cockroaches (D:2)
  6 hobgoblins
  3 giant newts
  2 goblins
  2 jackals (D:4)
  2 kobolds
  2 rats (D:1)
32 creatures vanquished.

Vanquished Creatures (others)
  2 orcs (D:4)
2 creatures vanquished.

Grand Total: 34 creatures vanquished

Notes
Turn   | Place    | Note
--------------------------------------------------------------
     0 | D:1      | KambridgeKobold the Demonspawn Berserker began the quest for the Orb.
     0 | D:1      | Reached XP level 1. HP: 18/18 MP: 1/1
   902 | D:1      | Gained mutation: You regenerate a little health from kills. [demonic ancestry]
   902 | D:1      | Reached XP level 2. HP: 6/24 MP: 2/2
  1369 | D:2      | Found an opulent altar of Gozag.
  1375 | D:2      | Found a deep blue altar of Sif Muna.
  1490 | D:2      | Found an opulent altar of Gozag.
  1496 | D:2      | Gained mutation: You are slightly more attuned to the shadows. [demonic ancestry]
  1496 | D:2      | Reached XP level 3. HP: 25/29 MP: 3/3
  1572 | D:2      | You fall through a shaft for 2 floors!
  1589 | D:4      | Found a stormy altar of Qazlal.
  1857 | D:4      | Reached XP level 4. HP: 37/37 MP: 4/4
  1914 | D:4      | Reached skill level 4 in Fighting
  2138 | D:4      | Noticed Crazy Yiuf
  2258 | D:4      | Slain by a hound

Vault maps used:
D:1:      scummos_arrival_forest
D:2:      grunt_temple_overflow_open, first_bread, grunt_gozag_breadcrumbs
D:4:      grunt_qazlal_clouds, uniq_crazy_yiuf_cottage

Action                   |  1- 3 |  4- 6 || total
-------------------------+-------+-------++-------
Melee: Hand axe          |    85 |    25 ||   110
       Mace              |     3 |     5 ||     8
Invok: Berserk           |     1 |       ||     1
  Use: Scroll            |     1 |     1 ||     2
 Stab: Sleeping          |     2 |     2 ||     4
  Eat: Chunk             |     4 |     1 ||     5
